 Dungeon Crawl Stone Soup version 0.23-a0-396-g5214e5f (webtiles) character file.

4309 corax the Basher (level 10, -1/82 HPs)
             Began as a Mummy Berserker on Nov 2, 2018.
             Was an Elder of Trog.
             Slain by an ice beast (4 damage)
             ... on level 11 of the Dungeon.
             The game lasted 00:27:47 (8177 turns).

corax the Basher (Mummy Berserker)                  Turns: 8177, Time: 00:27:47

Health: -1/82      AC: 20    Str: 23    XL:     10   Next: 11%
Magic:  10/10      EV: 11    Int:  8    God:    Trog [****..]
Gold:   529        SH:  0    Dex: 11    Spells: 9/9 levels left

rFire    x . .     SeeInvis .   a - +2 flail (protect)
rCold    + . .     Gourm    .   (no shield)
rNeg     + + +     Faith    .   s - +3 leather armour {rN+}
rPois    ∞         Spirit   .   (no helmet)
rElec    .         Reflect  .   (no cloak)
rCorr    .         Harm     .   c - +0 pair of gloves
MR       +....                  n - +0 pair of boots
Stlth    +.........             (no amulet)
HPRegen  0.23/turn              i - +4 ring of protection
MPRegen  0.12/turn              g - +1 ring of protection

@: protection aura, studying Unarmed Combat
A: no food or potions, fire vulnerability, cold resistance 1, negative energy
resistance 3, torment resistance, unbreathing
a: Trog's Hand, Brothers in Arms, Renounce Religion


You were on level 11 of the Dungeon.
You worshipped Trog.
Trog was greatly pleased with you.
You were not hungry.

You visited 1 branch of the dungeon, and saw 11 of its levels.

You collected 529 gold pieces.

Inventory:

Hand Weapons
 a - a +2 flail of protection (weapon)
 b - a +1 short sword of venom
 h - a +0 blowgun
 x - a +0 hunting sling
Missiles
 j - 11 curare-tipped needles
 k - 6 poisoned needles
 o - 194 stones
 q - 11 tomahawks
 w - 12 sling bullets
 y - 4 poisoned javelins (quivered)
Armour
 c - a +0 pair of gloves (worn)
 n - a +0 pair of boots (worn)
 s - a +3 leather armour of positive energy (worn)
 v - a +1 plate armour of positive energy
Jewellery
 g - a +1 ring of protection (right hand)
 i - a +4 ring of protection (left hand)
 r - an uncursed ring of magical power
Wands
 l - a wand of disintegration (9)
 m - a wand of random effects (11)
Scrolls
 d - 5 scrolls of identify
 e - a scroll of vulnerability
 f - a scroll of enchant armour
 t - a scroll of teleportation
 u - a scroll of remove curse
Books
 p - a manual of Unarmed Combat


   Skills:
 + Level 8.8 Fighting
 - Level 1.0 Short Blades
 * Level 10.3 Maces & Flails
 - Level 0.1 Throwing
 - Level 1.5 Armour
 - Level 1.5 Dodging
 - Level 0.9 Stealth


You had 9 spell levels left.
You didn't know any spells.
Your spell library was empty.

Dungeon Overview and Level Annotations

Branches:
Dungeon (11/15)            Temple (0/1) D:7            Lair (0/6) D:10
    Orc: D:9-12

Altars:
Dithmenos
Hepliaklqana
Qazlal
Uskayaw
Xom

Shops:
D:8 [


Innate Abilities, Weirdness & Mutations

You do not eat or drink.
Your flesh is vulnerable to fire.
You are immune to poison.
Your flesh is cold resistant. (rC+)
You are immune to negative energy. (rN+++)
You are immune to unholy pain and torment.
You can survive without breathing.


Message History

The ice beast hits you but does no damage.
You completely miss the ice beast.
The ice beast is heavily wounded.
The ice beast hits you but does no damage.
You hit the ice beast.
The ice beast is heavily wounded.
The ice beast barely misses you.
You completely miss the ice beast.
The ice beast is heavily wounded.
The ice beast hits you but does no damage.
You hit the ice beast but do no damage.
The ice beast is heavily wounded.
The ice beast hits you.
* * * LOW HITPOINT WARNING * * *
The ice beast freezes you. You resist.
* * * LOW HITPOINT WARNING * * *
You hit the ice beast but do no damage.
The ice beast is heavily wounded.
The ice beast hits you.
You die...

### ...
#.# #.#
... #.#
#.#######
#@Y......
####.....
... .


You could see an ice beast.

Vanquished Creatures
  Harold (D:8)
  A hippogriff (D:9)
  5 yaks (D:9)
  Edmund (D:6)
  A sky beast (D:7)
  An orc warrior (D:8)
  6 phantoms
  2 ogres
  3 centaurs
  2 big kobolds (D:7)
  3 bullfrogs
  2 scorpions
  5 wights
  A crimson imp (D:7)
  A hound (D:5)
  3 orc wizards
  3 orc priests
  2 bullfrog skeletons
  2 iguanas
  3 worker ants
  A hound zombie (D:7)
  14 gnolls
  2 howler monkey skeletons
  12 adders
  2 shadow imps
  An ooze (D:3)
  2 adder skeletons (D:6)
  2 worms (D:4)
  2 dart slugs
  A leopard gecko (D:7)
  24 orcs
  9 giant cockroaches
  10 goblins
  9 hobgoblins
  7 jackals
  4 quokkas
  2 bats
  4 frilled lizards
  20 kobolds
  2 leopard gecko skeletons
  6 rats
184 creatures vanquished.

Vanquished Creatures (others)
  A bullfrog (D:7)
  A hound (D:7)
  A quokka zombie (D:7)
3 creatures vanquished.

Grand Total: 187 creatures vanquished

Notes
Turn   | Place    | Note
-------+----------+-------------------------------------------
     0 | D:1      | corax the Mummy Berserker began the quest for the Orb.
     0 | D:1      | Reached XP level 1. HP: 18/18 MP: 1/1
   354 | D:1      | Reached XP level 2. HP: 24/24 MP: 2/2
   574 | D:1      | Reached skill level 3 in Maces & Flails
   865 | D:2      | Reached ** piety under Trog
   961 | D:2      | Reached XP level 3. HP: 25/29 MP: 3/3
  1998 | D:3      | Reached XP level 4. HP: 30/35 MP: 4/4
  2302 | D:3      | Reached skill level 4 in Maces & Flails
  2561 | D:3      | Found a stormy altar of Qazlal.
  2762 | D:4      | Reached XP level 5. HP: 40/42 MP: 5/5
  3008 | D:4      | Reached skill level 1 in Short Blades
  3062 | D:4      | Reached *** piety under Trog
  3081 | D:4      | Found a shadowy altar of Dithmenos.
  3555 | D:5      | Entered Level 5 of the Dungeon
  3564 | D:5      | Reached XP level 6. HP: 34/48 MP: 6/6
  3722 | D:5      | Reached skill level 5 in Maces & Flails
  4038 | D:5      | Reached XP level 7. HP: 50/55 MP: 7/7
  4389 | D:4      | Received a gift from Trog
  4466 | D:4      | Reached skill level 5 in Fighting
  4532 | D:4      | Reached skill level 6 in Maces & Flails
  5627 | D:6      | Noticed Edmund
  5645 | D:6      | Killed Edmund
  5645 | D:6      | Reached XP level 8. HP: 61/64 MP: 8/8
  5991 | D:6      | Reached skill level 7 in Maces & Flails
  6094 | D:7      | Found a shimmering altar of Xom.
  6210 | D:7      | Found a hazy altar of Hepliaklqana.
  6413 | D:7      | Found a staircase to the Ecumenical Temple.
  6426 | D:7      | Reached skill level 8 in Maces & Flails
  6464 | D:7      | Found a hide-covered altar of Uskayaw.
  6466 | D:7      | Noticed a hand axe
  6466 | D:7      | Noticed a dagger
  6755 | D:7      | Reached XP level 9. HP: 54/72 MP: 9/9
  6783 | D:7      | Reached **** piety under Trog
  7438 | D:8      | Reached skill level 9 in Maces & Flails
  7643 | D:8      | Found Haphag's Armour Emporium.
  7680 | D:8      | Noticed Harold
  7702 | D:8      | Killed Harold
  8012 | D:9      | Reached skill level 10 in Maces & Flails
  8067 | D:9      | Reached XP level 10. HP: 67/82 MP: 10/10
  8133 | D:10     | Entered Level 10 of the Dungeon
  8133 | D:10     | Found a staircase to the Lair.
  8176 | D:11     | HP: 2/82 [ice beast (4)]
  8177 | D:11     | Slain by an ice beast

Vault maps used:
D:1:      scummos_arrival_gate, minmay_misc_feat_nine_boxes, nrook_uturn
D:3:      old_standard_altar, first_ration
D:4:      minmay_misc_feat_columns, grunt_dithmenos_shadows
D:6:      minivault_22, uniq_edmund
D:7:      kennysheep_mini, dancing_weapons_uskayaw,
          minmay_temple_entry_large_hall, grunt_ogre_cave, xom_confusion_cloud
D:8:      serial_curves, eino_curves_04, eino_curves_03, eino_curves_01,
          serial_shops, kennysheep_mini_moat, minmay_manual_mares, uniq_harold
D:9:      gammafunk_temple_overflow_claw, enter_bailey_7, uniq_joseph
D:10:     lair_entry_dummy
D:11:     david_orc_2, uniq_fannar

Skill      XL: |  1  2  3  4  5  6  7  8  9 |
---------------+----------------------------+-----
Maces & Flails | 3 4 5 6 8 10 | 10.3
Short Blades   | 1 |  1.0
Fighting       | 4 5 7 8 |  8.8
Throwing       | |  0.1
Armour         | |  1.5
Dodging        | |  1.5
Stealth        | |  0.9

Action                   |  1- 3 |  4- 6 |  7- 9 | 10-12 || total
-------------------------+-------+-------+-------+-------++-------
Melee: Mace              |   122 |    69 |   108 |       ||   299
       Short sword       |       |   170 |    73 |       ||   243
       Flail             |       |       |   317 |    40 ||   357
Throw: Stone             |       |     4 |       |       ||     4
       Tomahawk          |       |    24 |     2 |       ||    26
       Javelin           |       |       |    14 |     1 ||    15
Invok: Trog's Hand       |       |     3 |     2 |     2 ||     7
Evoke: Wand              |       |       |     2 |       ||     2
  Use: Scroll            |       |     1 |     9 |     1 ||    11
 Stab: Sleeping          |     3 |       |       |       ||     3
Armor: Animal skin       |    29 |     2 |       |       ||    31
       Plate armour      |       |   152 |    95 |       ||   247
       Leather armour    |       |     6 |   132 |    13 ||   151
Dodge: Dodged            |    80 |    78 |   204 |    15 ||   377

Table legend:
 A = Non-vault XP
 B = Vault XP
 C = Vault XP percentage of total XP
 D = Non-vault monster count
 E = Vault monster count
 F = Vault count percentage of total count
                 A         B        C        D         E       F
            +---------+---------+-------+---------+---------+-------
      Total |    4346 |    1810 |  29.4 |     171 |      14 |   7.6
            +---------+---------+-------+---------+---------+-------
        D:1 |      34 |       0 |   0.0 |      18 |       0 |   0.0
        D:2 |      42 |       0 |   0.0 |      18 |       0 |   0.0
        D:3 |     120 |       0 |   0.0 |      28 |       0 |   0.0
        D:4 |     441 |      11 |   2.4 |      17 |       1 |   5.6
        D:5 |     451 |       0 |   0.0 |      15 |       0 |   0.0
        D:6 |     403 |     154 |  27.6 |      15 |       1 |   6.2
        D:7 |    1012 |     413 |  29.0 |      34 |       9 |  20.9
        D:8 |     602 |    1232 |  67.2 |      20 |       3 |  13.0
        D:9 |    1241 |       0 |   0.0 |       6 |       0 |   0.0
            +---------+---------+-------+---------+---------+-------
